 Dungeon Crawl Stone Soup version 0.28.0-53-g5a82cb258f (webtiles) character file.

Game seed: 10323885901855042753

891 Zeld the Magician (level 7, -1/36 HPs)
             Began as a Deep Elf Fire Elementalist on May 25, 2022.
             Was an Initiate of Gozag.
             Slain by Pikel
             ... wielding a +0 whip of flaming
              (8 damage)
             ... on level 5 of the Dungeon.
             The game lasted 00:04:27 (5679 turns).

Zeld the Magician (Deep Elf Fire Elementalist)      Turns: 5679, Time: 00:04:28

Health: -1/36      AC:  3    Str:  5    XL:     7   Next: 77%
Magic:  1/20       EV: 12    Int: 22    God:    Gozag
Gold:   377        SH:  0    Dex: 15    Spells: 11/21 levels left

rFire   . . .      SeeInvis .   (no weapon)
rCold   . . .      Faith    .   (no shield)
rNeg    . . .      Spirit   .   a - +0 robe
rPois   .          Reflect  .   (no helmet)
rElec   .          Harm     .   (no cloak)
rCorr   .          Rampage  .   q - +0 pair of gloves
Will    .....                   (no boots)
Stlth   ++........              s - amulet of the acrobat
HPRegen 0.12/turn               (no ring)
MPRegen 0.17/turn               (no ring)

@: no status effects
A: no striking features
a: Renounce Religion, Potion Petition, Call Merchant, Bribe Branch


You were on level 5 of the Dungeon.
You worshipped Gozag.
Gozag was aware of your devotion.
You visited 1 branch of the dungeon, and saw 5 of its levels.

You collected 413 gold pieces.
You paid 36 gold pieces to Gozag.

Inventory:

Armour
 a - a +0 robe (worn)
 q - a +0 pair of gloves (worn)
Jewellery
 o - a ring of protection from fire
 s - an amulet of the acrobat (around neck)
Scrolls
 b - a scroll of noise {unknown}
 c - a scroll of enchant weapon {unknown}
 f - 4 scrolls of identify {unknown}
 g - 2 scrolls of enchant armour {unknown}
 h - a scroll of summoning {unknown}
 j - a scroll of torment {unknown}
 k - a scroll of amnesia {unknown}
 n - 2 scrolls of magic mapping {unknown}
 t - a scroll of fog {unknown}
 u - a scroll of teleportation {unknown}
 v - a scroll of vulnerability {unknown}
Potions
 d - a potion of lignification {unknown}
 e - a potion of ambrosia {unknown}
 i - a potion of mutation {unknown}
 l - 2 potions of heal wounds {unknown}
 m - a potion of curing {unknown}
 p - a potion of berserk rage {unknown}
 r - a potion of attraction {unknown}
 w - a potion of might {unknown}


   Skills:
 - Level 2.4 Dodging
 - Level 2.4 Stealth
 * Level 7.8 Spellcasting
 + Level 4.2 Conjurations
 * Level 7.0 Fire Magic


You had 11 spell levels left.
You knew the following spells:

 Your Spells              Type           Power      Damage    Failure   Level
a - Foxfire               Conj/Fire      100%       2x1d9     1%          1
b - Scorch                Fire           78%        2d9       1%          2
c - Inner Flame           Hex/Fire       24%        N/A       5%          3
d - Flame Wave            Conj/Fire      33%        2d8       8%          4

Your spell library contained the following spells:

 Spells                   Type           Power      Damage    Failure   Level
 Conjure Flame            Conj/Fire      33%        6-21      2%          3
 Blink                    Tloc           16%        N/A       12%         2
 Lesser Beckoning         Tloc           8%         N/A       22%         3
 Manifold Assault         Tloc           8%         N/A       91%         5


Dungeon Overview and Level Annotations

Branches:
Dungeon (5/15)
 Temple: D:4-7

Altars:
Gozag
Trog
Wu Jian
Xom
Yredelemnul

Annotations:
D:5 Pikel


Message History

Pikel hits you with a +0 whip of flaming!
Pikel burns you.
Casting: Scorch (safe; 1% risk of failure)
Confirm with . or Enter, or press ? or * to list all spells.
Flames lash Pikel.
Pikel is burned terribly!
Pikel is severely wounded.
Pikel barely misses you.
Casting: Scorch (safe; 1% risk of failure)
Confirm with . or Enter, or press ? or * to list all spells.
Flames lash the lemure.
The lemure is burned terribly!
The lemure is severely wounded.
Pikel closely misses you.
Unknown command.
Casting: Scorch (safe; 1% risk of failure)
Confirm with . or Enter, or press ? or * to list all spells.
You don't have enough magic to cast this spell.
Unknown command.
Casting: Scorch (safe; 1% risk of failure)
Confirm with . or Enter, or press ? or * to list all spells.
You don't have enough magic to cast this spell.
Unknown command.
The lemure is no longer more vulnerable to fire.
Pikel is no longer more vulnerable to fire.
Casting: Scorch (safe; 1% risk of failure)
Confirm with . or Enter, or press ? or * to list all spells.
Flames lash Pikel but do no damage.
Pikel misses you.
Casting: Scorch (safe; 1% risk of failure)
Confirm with . or Enter, or press ? or * to list all spells.
Flames lash Pikel.
Pikel is severely wounded.
Pikel's fire resistance burns away.
The lemure hits you but does no damage.
Pikel hits you with a +0 whip of flaming!
* * * LOW HITPOINT WARNING * * *
Pikel burns you.
* * * LOW HITPOINT WARNING * * *
Okay, then.
You hit the lemure but do no damage. The lemure misses you.
Pikel hits you with a +0 whip of flaming!
You die...
Your body crumbles into a pile of gold.

#...5# . ###.#..# .
#......# $
###......######
#.............####
#.#.)....#....<..#
#.#......#.......# #
###5#..#....>..###
#@#............#
#K##.#.......#....
#55....<..........
.......##.........###.#
##.............#.## .#
###########.....#
#.##### #.# ..#


You could see Pikel (combustible) and 3 lemures.

Vanquished Creatures
  Sigmund (D:2)
  A water moccasin (D:4)
  A black bear (D:4)
  A lemure (D:5)
  A phantom (D:5)
  A scorpion (D:4)
  A water moccasin skeleton (D:3)
  A hound (D:4)
  An iguana (D:5)
  4 orc wizards
  3 hound skeletons
  9 adders
  2 worms (D:2)
  A dart slug (D:3)
  6 orcs
  7 ball pythons
  4 bats
  5 endoplasms
  A giant cockroach (D:3)
  6 goblins
  8 hobgoblins
  4 kobolds
  2 quokkas
  4 frilled lizards
  5 rats
80 creatures vanquished.

Vanquished Creatures (others)
  48 foxfires (D:1)
  49 plants (D:4)
97 creatures vanquished.

Grand Total: 177 creatures vanquished

Notes
Turn   | Place    | Note
-------+----------+-------------------------------------------
     0 | D:1      | Zeld the Deep Elf Fire Elementalist began the quest for the
                  | Orb.
     0 | D:1      | Reached XP level 1. HP: 10/10 MP: 6/6
   475 | D:1      | Reached XP level 2. HP: 15/15 MP: 6/8
   480 | D:1      | Learned a level 2 spell: Scorch
  1109 | D:1      | Found a faded altar of an unknown god.
  1329 | D:2      | Noticed Sigmund
  1334 | D:2      | Killed Sigmund
  1335 | D:2      | Reached skill level 5 in Spellcasting
  1335 | D:2      | Reached XP level 3. HP: 19/19 MP: 0/11
  1335 | D:2      | Reached XP level 4. HP: 24/24 MP: 0/13
  1335 | D:2      | Reached XP level 5. HP: 28/28 MP: 0/14
  1342 | D:1      | Learned a level 3 spell: Inner Flame
  1347 | D:1      | Learned a level 4 spell: Flame Wave
  1550 | D:2      | Found a bloodstained altar of Trog.
  1564 | D:2      | Reached skill level 5 in Fire Magic
  2439 | D:3      | Reached XP level 6. HP: 24/32 MP: 9/16
  2952 | D:3      | Found an opulent altar of Gozag.
  2962 | D:3      | Became a worshipper of Gozag Ym Sagoz the Greedy
  3184 | D:3      | Found a shimmering altar of Xom.
  3184 | D:3      | Found an ornate altar of the Wu Jian Council.
  3186 | D:3      | Found a basalt altar of Yredelemnul.
  4194 | D:4      | Noticed a water moccasin
  4200 | D:4      | Killed a water moccasin
  4201 | D:4      | Reached XP level 7. HP: 13/36 MP: 12/19
  5018 | D:4      | Found the necklace of Bloodlust {*Rage Will++ Int-3 Slay+6}
  5489 | D:5      | Entered Level 5 of the Dungeon
  5637 | D:5      | Noticed Pikel
  5679 | D:5      | Slain by Pikel

Illustrated notes

Levels and vault maps discovered:
D:1:      amcnicky_arrival_single_pillar, layout_basic,
          dreamdust_ecumenical_altar_angels_and_demons
D:2:      layout_basic, basic_altar, grunt_ministairs_15, uniq_sigmund
D:3:      layout_loops_corners, old_standard_altar, minitemple, serial_undead,
          serial_undead_e, serial_undead_a, serial_undead_b, serial_undead_d
D:4:      layout_basic, serial_bayou_lagoon_a
D:5:      layout_loops_ring, chequers_jeans, uniq_pikel

Skill      XL: |  1  2  3  4  5  6  7 |
---------------+----------------------+-----
Spellcasting   | 5 6 7 |  7.8
Conjurations   | 2 3 4 |  4.2
Fire Magic     | 4 5 6 7 |  7.0
Dodging        | |  2.4
Stealth        | |  2.4

Action                   |  1- 3 |  4- 6 |  7- 9 || total
-------------------------+-------+-------+-------++-------
Melee: Unarmed           |     1 |     6 |     4 ||    11
 Cast: Foxfire           |    30 |       |       ||    30
       Scorch            |    17 |    74 |    37 ||   128
 Stab: Sleeping          |     1 |       |       ||     1
Armor: Robe              |       |     8 |     4 ||    12
Dodge: Dodged            |     3 |    21 |    13 ||    37
